 Dungeon Crawl Stone Soup version 0.30-a0-956-gcec3b41aec (webtiles) character file.

Game seed: 15884160164210706927

512 ThatPearl the Magician (level 7, -1/52 HPs)
             Began as a Djinni Ice Elementalist on Mar 29, 2023.
             Was an Initiate of Ashenzari.
             Slain by an orc
             ... wielding a +0 falchion
              (6 damage)
             ... on level 5 of the Dungeon.
             The game lasted 00:14:18 (4466 turns).

ThatPearl the Magician (Djinni Ice Elementalist)    Turns: 4466, Time: 00:14:19

Health: -1/52      AC:  2    Str:  7    XL:     7   Next: 43%
Gold:   195        EV: 12    Int: 18    God:    Ashenzari [......] SH:  0 Dex: 14

rFire   + + .      SeeInvis .    i - staff of cold of Ashenzari's Seer (curse) {rC+, Self, Fort} (curse)
rCold   . . .      Faith    .    (no shield)
rNeg    + . .      Spirit   .    a - +0 robe
rPois   ∞          Reflect  .    (no helmet)
rElec   .          Rampage  .    (no cloak)
rCorr   .                        (no gloves)
Will    .....                    (boots unavailable)
Stlth   ++                       (no amulet)
HPRegen 0.28/turn                d - ring of positive energy
MPRegen 0.00/turn                (no ring)

@: flying
A: sickness immunity, fire resistance 2, cold vulnerability 1, float, innate
caster, HP casting, extra vitality 1
a: Renounce Religion, Shatter the Chains


You were on level 5 of the Dungeon.
You worshipped Ashenzari.
Ashenzari was noncommittal.
You visited 2 branches of the dungeon, and saw 6 of its levels.

You collected 195 gold pieces.

Inventory:

Hand Weapons
 f - a +0 long sword
 y - a +0 glaive
Missiles
 c - 54 stones
Armour
 a - a +0 robe (worn)
 v - a +0 buckler
Magical Staves
 h - a staff of death
 i - the cursed staff of cold of Ashenzari's Seer (weapon) {rC+, Self, Fort}
   (You found it on level 1 of the Dungeon)

   [staff of cold]

   Your inability to study Ice Magic prevents you from drawing on the full power
   of this staff in melee.
   Base accuracy: +5 Base damage: 5 Base attack delay: 1.2 This weapon's minimum
   attack delay (0.6) is reached at skill level 12.
   rC:        It protects you from cold.
   It falls into the 'Staves' category.
   It is a one-handed weapon.
   It has a curse which improves the following skills: Introspection: Fighting
   and Spellcasting.
   Fortitude: Armour and Shields.
 l - a staff of conjuration
Jewellery
 d - a ring of positive energy (left hand)
Wands
 u - a wand of iceblast (6)
Scrolls
 e - 2 scrolls of noise {unknown}
 g - 5 scrolls of teleportation
 m - 2 scrolls of amnesia {unknown}
 p - 2 scrolls of blinking {unknown}
 r - 2 scrolls of magic mapping {unknown}
 s - a scroll of immolation {unknown}
 w - a scroll of fog {unknown}
 x - a scroll of enchant weapon {unknown}
Potions
 b - 2 potions of invisibility
 j - a potion of heal wounds
 k - a potion of resistance
 n - a potion of might {unknown}
 o - a potion of ambrosia {unknown}
 q - a potion of lignification
 t - 2 potions of curing {unknown}
 z - a potion of attraction {unknown}


   Skills:
 + Level 3.7(4.1) Fighting
 - Level 2.2 Dodging
 - Level 1.5 Stealth
 + Level 1.8(2.1) Shields
 * Level 5.5(5.9) Spellcasting


You knew the following spells:

 Your Spells              Type           Power      Damage    Failure   Level
a - Ozocubu's Armour      Ice            40%        N/A       3%          3
b - Summon Ice Beast      Ice/Summ       40%        N/A       11%         4
f - Freeze                Ice            100%       1d10      1%          1
l - Passwall              Tmut/Erth      21%        N/A       1%          2
r - Frozen Ramparts       Ice            80%        1d13      3%          3
v - Poisonous Vapours     Pois/Air       52%        N/A       1%          2
w - Slow                  Hex            100%       N/A       1%          1
Your spell library was empty.

Dungeon Overview and Level Annotations

Branches:
Dungeon (5/15)             Temple (1/1) D:4

Altars:
Ashenzari
Dithmenos
Makhleb
Okawaru
Uskayaw
Yredelemnul


Innate Abilities, Weirdness & Mutations

You are immune to sickness and miasma.
You are immune to poison.
Your flesh is very heat resistant. (rF++)
You are vulnerable to cold. (rC-)
You float through the air rather than walking.
You learn spells naturally, not from books.
Your magical power is your life essence.
You have superior vitality. (+4 MHP)


Message History

You bump into the rock wall.
The orc closely misses you. The orc misses you.
You bump into the rock wall.
You feel less confused. The orc closely misses you.
The orc hits you with a +0 falchion.
Unknown command.
Casting: Poisonous Vapours (safe; 1% risk of failure)
Confirm with . or Enter, or press ? or * to list all spells.
Aiming: Freeze (safe; 1% risk of failure)
Press: ? - help, Shift-Dir - straight line, f/p - orc wizard
Aim: an orc wizard, wielding a +0 dagger and wearing a +0 robe (heavily wounded, very poisoned)
You feel a surge of power!
You freeze the orc wizard.
The orc wizard is severely wounded.
The orc wizard hits you with a +0 dagger.
The orc hits you with a +0 dagger.
* * * LOW HITPOINT WARNING * * *
The orc hits you but does no damage.
Casting: Freeze (safe; 1% risk of failure)
Confirm with . or Enter, or press ? or * to list all spells.
Aiming: Freeze (safe; 1% risk of failure)
Press: ? - help, Shift-Dir - straight line, f/p - orc wizard
Aim: an orc wizard, wielding a +0 dagger and wearing a +0 robe (severely wounded, very poisoned)
You feel a surge of power!
You freeze the orc wizard.
You kill the orc wizard!
* * * LOW HITPOINT WARNING * * *
The orc hits you with a +0 dagger.
* * * LOW HITPOINT WARNING * * *
The orc hits you with a +0 falchion.
* * * LOW HITPOINT WARNING * * *
Casting: Freeze (safe; 1% risk of failure)
Confirm with . or Enter, or press ? or * to list all spells.
Aiming: Freeze (safe; 1% risk of failure)
Press: ? - help, Shift-Dir - straight line, f - orc
Aim: an orc, wielding a +0 falchion
Okay, then.
The orc attacks as you move away!
The orc hits you with a +1 mace of draining.
* * * LOW HITPOINT WARNING * * *
The orc attacks as you move away! The orc hits you but does no damage.
The orc hits you with a +0 falchion.
You die...

### #.# #############.#
#.......##....#
#.#####.##.##.####
#.............#...
#.......##.####.#.
#####@########.####.#.
#....ooo..............
#...###.#)#########.#.#.
#. .....# #......#.
........ # #.#..###.
#######.####.#......#.
........##.#.#.
.............#.
######..##.#...


You could see 3 orcs.

Vanquished Creatures
  An ogre (D:5)
  A centaur (D:5)
  A jelly (D:4)
  Jessica (D:2)
  A sleepcap (D:5)
  2 orc wizards
  Natasha (thrice) (D:2)
  5 adders
  A white imp (D:5)
  2 worms
  A dart slug (D:3)
  3 orcs (D:3)
  7 endoplasms
  5 giant cockroaches
  9 goblins
  6 hobgoblins
  3 jackals (D:2)
  4 kobolds
  5 quokkas
  8 ball pythons
  5 bats
  3 frilled lizards
  20 rats
97 creatures vanquished.

Notes
Turn   | Place    | Note
-------+----------+-------------------------------------------
     0 | D:1      | ThatPearl the Djinni Ice Elementalist began the quest for
                  | the Orb.
     0 | D:1      | ThatPearl set off with the following spells memorised:
                  | Freeze, Frozen Ramparts, Ozocubu's Armour, Summon Ice
                  | Beast.
     0 | D:1      | Reached XP level 1. HP: 15/15 MP: 0/0
    69 | D:1      | Reached XP level 2. HP: 13/22 MP: 0/0
   250 | D:1      | Reached skill level 1 in Fighting
   472 | D:1      | Reached XP level 3. HP: 17/27 MP: 0/0
   472 | D:1      | Learned a level 1 spell: Slow
  1351 | D:2      | Reached skill level 4 in Spellcasting
  1351 | D:2      | Reached XP level 4. HP: 25/32 MP: 0/0
  1417 | D:2      | Noticed Natasha
  1420 | D:2      | Killed Natasha
  1493 | D:2      | Noticed Jessica
  1498 | D:2      | Killed Jessica
  1499 | D:2      | Reached XP level 5. HP: 36/38 MP: 0/0
  1499 | D:2      | Learned a level 2 spell: Poisonous Vapours
  1993 | D:2      | Noticed Natasha
  2000 | D:2      | Killed Natasha
  2020 | D:2      | Noticed Natasha
  2029 | D:2      | Killed Natasha
  2634 | D:3      | Reached XP level 6. HP: 37/45 MP: 0/0
  2995 | D:3      | Found an iron altar of Okawaru.
  3247 | D:4      | Found a staircase to the Ecumenical Temple.
  3273 | Temple   | Entered the Ecumenical Temple
  3277 | Temple   | Became a worshipper of Ashenzari the Shackled
  3491 | D:4      | Reached skill level 5 in Spellcasting
  3923 | D:5      | Entered Level 5 of the Dungeon
  3929 | D:5      | Reached skill level 1 in Shields
  3929 | D:5      | Reached XP level 7. HP: 30/50 MP: 0/0
  3929 | D:5      | Learned a level 2 spell: Passwall
  4466 | D:5      | Slain by an orc

Illustrated notes

Levels and vault maps discovered:
D:1:      dpeg_arrival_rhombi, layout_basic
D:2:      layout_loops_ring, uniq_natasha, uniq_jessica
D:3:      layout_basic, mainiacjoe_overflow_alcove_2
D:4:      layout_cave_pools, temple_doors_e, minmay_rat_hole
D:5:      layout_basic, fedhas_bush_and_centaur_altar, minmay_ruined_shrine
Temple:   nicolae_temple_bog_church

Skill      XL: |  1  2  3  4  5  6 |
---------------+-------------------+-----
Fighting       | 1 2 3 |  3.7
Spellcasting   | 4 5 |  5.5
Shields        | 1 |  1.8
Dodging        | |  2.2
Stealth        | |  1.5

Action                     |  1- 3 |  4- 6 |  7- 9 || total
---------------------------+-------+-------+-------++-------
  Melee: Long sword        |     2 |       |       ||     2
         Staff             |     1 |     4 |     7 ||    12
         Punch             |       |     1 |       ||     1
  Throw: Stone             |       |    10 |     6 ||    16
   Cast: Freeze            |    49 |    56 |    13 ||   118
         Slow              |     2 |     4 |     2 ||     8
         Frozen Ramparts   |     2 |     3 |     2 ||     7
         Poisonous Vapours |       |    37 |     4 ||    41
         Ozocubu's Armour  |       |     1 |     2 ||     3
 Invoke: Curse Item        |       |       |     1 ||     1
    Use: Scroll            |       |     7 |       ||     7
         Potion            |       |       |     2 ||     2
 Armour: Robe              |     4 |    10 |     4 ||    18
  Dodge: Dodged            |    21 |    39 |    20 ||    80

Table legend: (Time is in decaauts)
 A = Elapsed time spent in this place.
 B = Non-inter-level travel time spent in this place.
 C = Inter-level travel time spent in this place.
 D = Time resting spent in this place.
 E = Time spent auto-exploring this place.
 F = Levels seen in this place.
 G = Mean time per level.
                   A        B        C        D        E       F      G
               +--------+--------+--------+--------+--------+-----+--------+
         Total |   4479 |   4255 |    224 |    393 |   2994 |   6 |  746.5 |
       Dungeon |   4470 |   4250 |    220 |    393 |   2994 |   5 |  894.0 |
        Temple |      8 |      4 |      4 |      0 |      0 |   1 |    8.0 |
               +--------+--------+--------+--------+--------+-----+--------+

Top non-repeatable levels by time:
     D:2: 1267 daAuts
     D:3: 1078 daAuts
     D:1: 984 daAuts
     D:4: 748 daAuts
     D:5: 392 daAuts
  Temple: 8 daAuts
